 Dungeon Crawl Stone Soup version 0.31.0-11-ge490571c62 (webtiles) character file.

Game seed: 5080831751292488105

18176 jasper the Severer (level 12, -2/160 HPs)
             Began as a Minotaur Berserker on Jan 29, 2024.
             Was a High Priest of Trog.
             Slain by a skeletal warrior
             ... wielding a +0 trident
              (16 damage)
             ... on level 12 of the Dungeon.
             The game lasted 00:28:20 (13053 turns).

jasper the Severer (Minotaur Berserker)            Turns: 13053, Time: 00:28:21

Health: -2/160     AC: 21    Str: 22    XL:     12   Next: 25%
Magic:  20/20      EV:  8    Int:  4    God:    Trog [*****.]
Gold:   141        SH: 12    Dex: 20    Spells: 11/11 levels left

rFire   . . .        H - +0 war axe
rCold   + . .        K - +0 kite shield
rNeg    . . .        i - +2 plate armour {rC+}
rPois   .            (helmet restricted)
rElec   .            E - +0 cloak
rCorr   .            N - +1 pair of gloves of the Armoured One {MP+9 Dex+5}
SInv    .            I - +0 pair of boots
Will    ++...        (no amulet) Stlth
                     T - +4 ring of protection
HPRegen 1.46/turn    (no ring)
MPRegen 0.17/turn

%: no passive effects
@: berserking (expiring), strong-willed, corroded, regenerating, very quick
A: horns 2, retaliatory headbutt
a: Renounce Religion, Berserk, Trog's Hand, Brothers in Arms


You were on level 12 of the Dungeon.
You worshipped Trog.
Trog was extremely pleased with you.
You visited 1 branch of the dungeon, and saw 12 of its levels.
You also visited: Bailey.

You collected 731 gold pieces.
You spent 590 gold pieces at shops.

Inventory:

Hand Weapons
 h - the +7 sling of Atamuic {flame, rElec rN+ Str+2}
   (You found it in a bailey)

   Str+2:     It affects your strength (+2).
   rElec:     It insulates you from electricity.
   rN+:       It protects you from negative energy.
 w - a +0 war axe of distortion
 y - a +0 flail
 A - a +2 whip of electrocution
 G - a +3 battleaxe
 H - a +0 war axe (weapon)
Missiles
 c - 79 stones (quivered)
 d - 8 datura-tipped darts
 e - 4 curare-tipped darts
 x - 72 poisoned darts
 L - 17 boomerangs
 S - 3 throwing nets
Armour
 i - a +2 plate armour of cold resistance (worn)
 E - a +0 cloak (worn)
 I - a +0 pair of boots (worn)
 K - a +0 kite shield (worn)
 N - the +1 pair of gloves of the Armoured One (worn) {MP+9 Dex+5}
   (You found it on level 4 of the Dungeon)

   Dex+5:     It affects your dexterity (+5).
   MP+9:      It affects your magic capacity (+9).
Jewellery
 u - a +6 ring of dexterity
 v - a ring of ice
 T - a +4 ring of protection (left hand)
Wands
 o - a wand of iceblast (5)
 F - a wand of polymorph (21)
 M - a wand of flame (21)
Scrolls
 j - 2 scrolls of teleportation
 k - 5 scrolls of revelation
 p - 5 scrolls of fear
 q - 2 scrolls of identify
 s - 4 scrolls of blinking
 z - 2 scrolls of fog
 D - 3 scrolls of immolation
 O - a scroll of vulnerability
 P - a scroll of enchant armour
Potions
 a - a potion of berserk rage {unknown}
 f - 12 potions of curing
 g - 2 potions of haste
 l - a potion of heal wounds
 m - 3 potions of resistance
 n - 4 potions of magic
 r - 2 potions of lignification {unknown}
 t - a potion of invisibility {unknown}
 C - 2 potions of enlightenment {unknown}
 J - 2 potions of ambrosia {unknown}
 Q - a potion of might
Miscellaneous
 b - a phantom mirror (inert)


   Skills:
 + Level 10.5 Fighting
 - Level 16.0 Axes
 + Level 10.1 Armour
 - Level 3.8 Dodging
 + Level 9.7 Shields
 - Level 5.0 Evocations


You had 11 spell levels left.
You didn't know any spells.
Your spell library was empty.

Dungeon Overview and Level Annotations

Branches:
Dungeon (12/15)            Temple (0/1) D:7            Lair (0/5) D:9
    Orc (0/2) D:10         Bailey (visited)

Altars:
Fedhas
Kikubaaqudgha
Makhleb
Okawaru
The Shining One

Shops:
D:1 ?   D:3 !   D:8 [?!(

Annotations:
D:10 2 runed translucent doors, Krumphau's ghost, journeyman DjHW


Innate Abilities, Weirdness & Mutations

You have a pair of horns on your head.
You reflexively headbutt those who attack you in melee.


Message History

You hit the acid dragon but do no damage.
The acid dragon bites you but does no damage.
You block the acid dragon's attack.
The skeletal warrior hits you with a +0 battleaxe!
A skeletal warrior comes into view. It is wielding a +3 battleaxe.
You hit the skeletal warrior. You headbutt the skeletal warrior.
The skeletal warrior is moderately damaged.
You hit the acid dragon.
You kill the acid dragon!
Trog accepts your kill.
You barely miss the skeletal warrior. You headbutt the skeletal warrior!!
The skeletal warrior is severely damaged.
A skeletal warrior comes into view.
It is wielding a +0 dire flail of protection.
The skeletal warrior hits you with a +0 battleaxe!!
* * * LOW HITPOINT WARNING * * *
You hit the skeletal warrior but do no damage.
The skeletal warrior is severely damaged.
A skeletal warrior comes into view. It is wielding a +0 mace.
A two-headed ogre comes into view.
It is wielding two +0 giant spiked clubs.
The skeletal warrior hits you with a +0 battleaxe!
* * * LOW HITPOINT WARNING * * *
You barely miss the skeletal warrior.
Your headbutt misses the skeletal warrior.
The skeletal warrior is severely damaged.
You slash the skeletal warrior!
You headbutt the skeletal warrior, but do no damage.
The skeletal warrior is severely damaged.
The skeletal warrior hits you with a +0 battleaxe!
* * * LOW HITPOINT WARNING * * *
You hit the skeletal warrior.
The skeletal warrior is severely damaged.
You hit the skeletal warrior.
You headbutt the skeletal warrior, but do no damage.
The skeletal warrior is severely damaged.
You block the skeletal warrior's attack.
You barely miss the skeletal warrior.
The skeletal warrior is severely damaged.
The skeletal warrior attacks as it pursues you!
The skeletal warrior hits you from afar with a +0 trident!
You die...

,,*,,,,,.......#####,*,*,*
,,*,,,,,.....#.....+,*,,,*
***,****#.z........#**,,,*
***,* #..........#**,*,*
,,*,* #...z.z....#,+,,,*
,,*,* #..........#,*,,,*
,,*,* #.....zz...#,*,*,*
,,*,* #..O.......#,*,*,*
,,+,* #.#+###.@..#,*,*,*
,,*,* *,*,,,######,*,,,*
,,*,*****>*,*,*,,,*,,*,,,*
,,*,**,,,,,,,,,*,,**,*,,,*
,,*,**,**,*,*,**,,**,*,,,*
,,*,**,*,,,,,,,,,,,,,*,,,*
,,*,,,,,*,*,*,*,,,,,,*,*,*
,,*,,,,,,,,,,,,,,,,,,*,*,*
***,,,,,*,*,*,********,,,*


You could see 5 skeletal warriors and a two-headed ogre.

Vanquished Creatures
  Erica (D:8)
  3 two-headed ogres
  A boulder beetle (D:11)
  A skeletal warrior (D:12)
  An ugly thing (D:11)
  An elephant (D:9)
  A gargoyle (D:11)
  Maggie (D:7)
  3 komodo dragons
  3 trolls
  Prince Ribbit (D:7)
  Grinder (D:6)
  2 shadows
  26 yaks
  2 humans (D:7)
  2 wyverns (D:9)
  Grum (D:8)
  A basilisk (D:9)
  2 steam dragons (D:7)
  Menkaure (D:5)
  An acid dragon (D:12)
  Duvessa (D:7)
  2 water moccasins
  4 black bears
  An ogre (D:4)
  3 sky beasts
  8 orc warriors
  An ice beast (D:5)
  4 wolves (D:8)
  A centaur (D:5)
  3 phantoms (D:5)
  6 kobold brigands
  4 bullfrogs (D:8)
  2 scorpions
  7 wights
  Dowan (D:7)
  10 killer bees (D:9)
  3 howler monkeys
  A crimson imp (D:5)
  2 jellies
  6 hounds
  2 bombardier beetles
  4 gnoll boudas
  12 orc priests
  4 iguanas
  2 sleepcaps
  12 orc wizards
  9 gnolls
  4 adders
  A white imp (D:8)
  4 ufetubi
  3 dart slugs
  5 ribbon worms
  29 orcs
  7 bats
  5 endoplasms
  3 giant cockroaches
  15 goblins
  5 hobgoblins
  4 jackals (D:2)
  25 kobolds
  2 quokkas
  9 ball pythons
  3 frilled lizards
  5 rats
300 creatures vanquished.

Vanquished Creatures (collateral kills)
  An orc knight (Bailey)
  3 kobold brigands (Bailey)
  4 kobolds (Bailey)
8 creatures vanquished.

Vanquished Creatures (others)
  A kobold (D:7)
1 creature vanquished.

Grand Total: 309 creatures vanquished

Notes
Turn   | Place    | Note
-------+----------+-------------------------------------------
     0 | D:1      | jasper the Minotaur Berserker began the quest for the Orb.
     0 | D:1      | Reached XP level 1. HP: 19/19 MP: 0/0
    85 | D:1      | Reached skill level 4 in Axes
   188 | D:1      | Found Peqozudd's Magic Scroll Boutique.
   252 | D:1      | Reached XP level 2. HP: 26/26 MP: 1/1
   952 | D:1      | Reached skill level 5 in Axes
  1262 | D:2      | Reached ** piety under Trog
  1298 | D:2      | Reached XP level 3. HP: 31/31 MP: 2/2
  1569 | D:1      | Bought a scroll of teleportation for 42 gold pieces
  1569 | D:1      | Bought a scroll of revelation for 105 gold pieces
  2139 | D:3      | Reached skill level 6 in Axes
  2139 | D:3      | Reached XP level 4. HP: 25/39 MP: 3/3
  2257 | D:3      | Found Saug's Distillery.
  2265 | D:3      | Bought a potion of curing for 39 gold pieces
  2835 | D:4      | Reached skill level 7 in Axes
  2835 | D:4      | Reached XP level 5. HP: 42/45 MP: 4/4
  2855 | D:4      | Reached *** piety under Trog
  2987 | D:4      | Noticed an ogre
  3140 | D:5      | Entered Level 5 of the Dungeon
  3198 | D:5      | Reached skill level 8 in Axes
  3200 | D:5      | Noticed Menkaure
  3208 | D:5      | Killed Menkaure
  3209 | D:5      | Reached XP level 6. HP: 51/51 MP: 5/5
  3305 | D:5      | Reached skill level 9 in Axes
  3473 | D:5      | Noticed a yak
  3504 | D:5      | Killed a yak
  3505 | D:5      | Reached XP level 7. HP: 57/57 MP: 6/6
  3653 | D:5      | Reached skill level 10 in Axes
  3818 | D:5      | Reached skill level 11 in Axes
  3868 | D:5      | Reached XP level 8. HP: 64/64 MP: 7/7
  3986 | D:6      | Reached skill level 12 in Axes
  4237 | D:6      | Reached skill level 13 in Axes
  4685 | D:6      | Noticed Grinder
  4695 | D:6      | Killed Grinder
  4696 | D:6      | Reached skill level 14 in Axes
  5218 | D:7      | Reached skill level 1 in Shields
  5218 | D:7      | Reached XP level 9. HP: 69/70 MP: 8/8
  5254 | D:7      | Noticed Prince Ribbit
  5269 | D:7      | Killed Prince Ribbit
  5363 | D:7      | Found a staircase to the Ecumenical Temple.
  5377 | D:7      | Noticed Dowan
  5384 | D:7      | Noticed Duvessa
  5395 | D:7      | Killed Duvessa
  5402 | D:7      | Killed Dowan
  5926 | D:7      | Reached skill level 5 in Fighting
  6323 | D:7      | Noticed Maggie
  6351 | D:7      | Killed Maggie
  6400 | D:7      | Reached skill level 5 in Armour
  6444 | D:7      | Found an iron altar of Okawaru.
  6657 | D:7      | Reached skill level 5 in Shields
  7006 | D:8      | Noticed Erica
  7023 | D:8      | Killed Erica
  7024 | D:8      | Reached XP level 10. HP: 44/86 MP: 9/9
  7265 | D:8      | Found Otarof's Weapon Emporium.
  7271 | D:8      | Noticed Grum
  7296 | D:8      | Killed Grum
  7496 | D:8      | Noticed a two-headed ogre
  7504 | D:8      | Killed a two-headed ogre
  7891 | D:4      | Identified the +1 pair of gloves of the Armoured One {MP+9
                  | Dex+5}
  8571 | D:5      | Reached **** piety under Trog
  8701 | D:5      | Found a burning altar of Makhleb.
  9054 | D:8      | Found Xatuna's Magic Scroll Boutique.
  9057 | D:8      | Bought a scroll of blinking for 90 gold pieces
  9057 | D:8      | Bought a scroll of fear for 48 gold pieces
  9164 | D:8      | Found Loacw's Distillery.
  9167 | D:8      | Bought a potion of curing for 42 gold pieces
  9167 | D:8      | Bought 2 potions of curing for 84 gold pieces
  9167 | D:8      | Bought a potion of curing for 42 gold pieces
  9167 | D:8      | Bought a potion of curing for 42 gold pieces
  9167 | D:8      | Bought a potion of might for 56 gold pieces
  9235 | D:8      | Identified the +8 chain mail "Nuituug" {rC+ rN+ Str+5
                  | Slay-6}
  9271 | D:8      | Found Ranemuqeit's Antique Armour Shop.
  9452 | D:9      | Reached XP level 11. HP: 65/97 MP: 10/10
  9647 | D:9      | Reached skill level 15 in Axes
  9707 | D:9      | Found a staircase to the Lair.
  9795 | D:9      | Found an ancient bone altar of Kikubaaqudgha.
 10191 | D:9      | Reached skill level 16 in Axes
 10285 | D:9      | Found a blossoming altar of Fedhas.
 10473 | D:10     | Entered Level 10 of the Dungeon
 10657 | D:10     | Found a large runed translucent door.
 10660 | D:10     | Found a staircase to the Orcish Mines.
 10773 | D:10     | Found a flagged portal.
 10775 | D:10     | Reached ***** piety under Trog
 10786 | Bailey   | Entered a bailey
 10860 | Bailey   | Noticed an orc knight
 10871 | Bailey   | Killed an orc knight
 10876 | Bailey   | Found a bloodstained altar of Trog.
 10886 | Bailey   | Identified the +7 sling of Atamuic {flame, rElec rN+ Str+2}
 11122 | D:10     | Noticed a two-headed ogre
 11130 | D:10     | Killed a two-headed ogre
 11131 | D:10     | Reached skill level 10 in Fighting
 11261 | D:10     | Found a large runed translucent door.
 11624 | D:10     | Found a glowing golden altar of the Shining One.
 11889 | D:10     | Noticed Krumphau's ghost (journeyman DjHW)
 11909 | D:11     | Noticed a purple ugly thing
 11917 | D:11     | Killed a purple ugly thing
 11918 | D:11     | Reached skill level 1 in Evocations
 12049 | D:11     | Noticed a two-headed ogre
 12055 | D:11     | Killed a two-headed ogre
 12056 | D:11     | Reached XP level 12. HP: 104/106 MP: 11/11
 12258 | D:11     | Noticed a boulder beetle
 12277 | D:11     | Killed a boulder beetle
 12503 | D:11     | Reached skill level 5 in Evocations
 12880 | D:11     | Identified the +1 dagger of the Establishment {venom, rF-
                  | rC+ Str+3 Dex+2}
 12911 | D:11     | You fall into a shaft and drop 1 floor!
 12932 | D:12     | Reached skill level 10 in Armour
 13047 | D:12     | Noticed a two-headed ogre
 13053 | D:12     | Slain by a skeletal warrior

Illustrated notes

Levels and vault maps discovered:
D:1:      spicycebolla_green_bress_n_ham, layout_loops_corners, serial_shops,
          shop
D:2:      layout_basic, wander_ebering_terrifying_dragon_lair
D:3:      layout_rooms, serial_shops, shop, kennysheep_nondescript
D:4:      layout_loops_ring, chequers_hall_statues_wall_a, grunt_ministairs_3
D:5:      layout_basic, makhleb_grotto_becter, minmay_misc_feat_chi,
          hangedman_minor_gate_pass, uniq_menkaure
D:6:      layout_basic, chequers_garden, minmay_bent, uniq_grinder
D:7:      layout_basic, okawaru_humans, minmay_temple_entry_mini_moons,
          serial_curves, eino_curves_01, eino_curves_01,
          minmay_misc_feat_hallway, hangedman_decor_slide_cut, uniq_duvessa,
          uniq_maggie, uniq_prince_ribbit1
D:8:      layout_loops_ring, serial_shops, nicolae_shop_hallway_stairs,
          shop_statue, nicolae_shop_window_shopping, nicolae_shop_rolled_up,
          uniq_grum, uniq_erica
D:9:      layout_basic, nicolae_kikubaaqudgha_miasma_corner, fedhas_altar_4,
          david_lair_generic
D:10:     layout_basic, nicolae_tso_swordbearing_angel, david_orc_3,
          enter_bailey_7, ebering_ghost_disaster_area, minivault_21
D:11:     layout_loops_ring
D:12:     layout_stronghold, small_chamber_with_monster, st_stairs_8

Skill      XL: |  1  2  3  4  5  6  7  8  9 10 11 12 |
---------------+-------------------------------------+-----
Axes           | 4 5 6 7 8 9 11 14 16 | 16.0
Shields        | 1 5 8 9 |  9.7
Fighting       | 7 9 10 | 10.5
Armour         | 6 8 9 10 | 10.1
Dodging        | 3 |  3.8
Evocations     | 3 5 |  5.0

Action                     |  1- 3 |  4- 6 |  7- 9 | 10-12 || total
---------------------------+-------+-------+-------+-------++-------
  Melee: Hand axe          |    99 |   104 |   169 |       ||   372
         Headbutt          |    16 |    15 |    54 |   165 ||   250
         War axe           |       |       |   125 |   613 ||   738
   Fire: Sling             |       |     1 |       |       ||     1
  Throw: Stone             |       |     3 |    14 |       ||    17
 Invoke: Berserk           |       |     2 |     6 |     3 ||    11
         Trog's Hand       |       |     1 |     6 |     7 ||    14
         Brothers in Arms  |       |       |       |     1 ||     1
  Evoke: Wand              |       |     1 |       |     2 ||     3
         Phantom mirror    |       |       |       |     2 ||     2
    Use: Scroll            |     6 |     3 |     3 |    10 ||    22
         Potion            |       |       |       |     1 ||     1
 Armour: Animal skin       |    11 |       |       |       ||    11
         Leather armour    |    34 |    23 |       |       ||    57
         Chain mail        |       |    29 |    41 |       ||    70
         Plate armour      |       |       |   133 |   314 ||   447
  Dodge: Dodged            |    62 |    46 |    64 |    98 ||   270
  Block: Buckler           |       |     1 |    27 |       ||    28
         Kite shield       |       |       |    30 |   271 ||   301
